 Dungeon Crawl Stone Soup version 0.30.0-29-ga12c61a403 (webtiles) character file.

Game seed: 1227460414985143248

584 cheesebisquit the Trooper (level 7, 0/64 HPs)
             Began as a Hill Orc Fighter on June 23, 2023.
             Slain by Duvessa
             ... wielding a +0 short sword
              (8 damage)
             ... on level 4 of the Dungeon.
             The game lasted 00:05:59 (3056 turns).

cheesebisquit the Trooper (Hill Orc Fighter)        Turns: 3056, Time: 00:06:00

Health: 0/64       AC: 12    Str: 19    XL:     7   Next: 37%
Magic:  7/7        EV:  5    Int: 10    God:
Gold:   160        SH:  4    Dex: 10    Spells: 6/6 levels left

rFire   . . .        a - +0 war axe
rCold   . . .        c - +0 buckler
rNeg    . . .        q - +0 plate armour
rPois   +            (no helmet)
rElec   .            (no cloak)
rCorr   .            (no gloves)
SInv    .            (no boots)
Will    .....        (no amulet) Stlth
                     p - ring of poison resistance
HPRegen 0.30/turn    (no ring)
MPRegen 0.10/turn

%: no passive effects
@: mighty
A: no striking features
a: no special abilities


You were on level 4 of the Dungeon.
You visited 1 branch of the dungeon, and saw 4 of its levels.

You collected 160 gold pieces.

Inventory:

Hand Weapons
 a - a +0 war axe (weapon)
Armour
 b - a +0 scale mail
 c - a +0 buckler (worn)
 l - a +0 chain mail
 q - a +0 plate armour (worn)
Jewellery
 p - a ring of poison resistance (left hand)
Scrolls
 e - 3 scrolls of blinking {unknown}
 f - 3 scrolls of identify {unknown}
 h - 2 scrolls of teleportation {unknown}
 k - 2 scrolls of immolation {unknown}
 n - a scroll of torment {unknown}
 o - a scroll of enchant weapon {unknown}
 r - a scroll of enchant armour {unknown}
Potions
 d - 2 potions of might
 g - a potion of lignification {unknown}
 i - 2 potions of magic {unknown}
 j - a potion of attraction {unknown}
 m - a potion of flight {unknown}
 s - a potion of ambrosia {unknown}
 t - a potion of curing


   Skills:
 + Level 6.4 Fighting
 + Level 6.3 Axes
 + Level 5.8 Armour
 - Level 3.2 Shields


You had 6 spell levels left.
You didn't know any spells.
Your spell library was empty.

Dungeon Overview and Level Annotations

Branches:
Dungeon (4/15)
 Temple: D:4-7

Altars:
Qazlal
Uskayaw
Zin

Annotations:
D:4 Duvessa


Message History

You slash Duvessa!
Duvessa is moderately wounded.
You block Duvessa's attack.
You barely miss Duvessa.
Duvessa is moderately wounded.
You hit the endoplasm but do no damage. Duvessa completely misses you.
The endoplasm hits you. Duvessa hits you but does no damage.
The endoplasm barely misses you.
You feel very mighty all of a sudden. Duvessa hits you but does no damage.
The endoplasm freezes you.
You are frozen.
You slash Duvessa!
Duvessa is heavily wounded.
You slash the endoplasm!
You kill the endoplasm!
You slash Dowan! Duvessa hits you but does no damage.
Dowan hits you with a +0 dagger.
You slash Duvessa!
Duvessa is severely wounded.
You hit Dowan. You block Duvessa's attack. Dowan barely misses you.
You hit Duvessa.
Duvessa is almost dead.
You slash Dowan!
You kill Dowan!
Duvessa weeps, and shakes her weapon.
Duvessa goes berserk!
Duvessa hits you with a +0 short sword! x2
You closely miss Duvessa.
Duvessa is almost dead.
Duvessa hits you but does no damage. Duvessa hits you with a +0 short sword!
* * * LOW HITPOINT WARNING * * *
Okay, then.
You hit Duvessa.
Duvessa is almost dead.
Duvessa closely misses you. Duvessa hits you with a +0 short sword!
* * * LOW HITPOINT WARNING * * *
You closely miss Duvessa.
Duvessa is almost dead.
Duvessa hits you with a +0 short sword!
You die...

#..# .###.........#...#..>#
###....................#....
#.....................#.....
#.....##.............##.....
#..........................#
##....................##....#
#.....##........#.....#....##
#........†.....##..........##
#........#..@).###.##......#.
#........###.e.#.......###....
####......##.†.##...##..#....#
###.........†...###.......#
#.....##.##..## #........
#....####...#.....#........
#...... #...##.............
....##.# ...####...........#
.## #. .... ...........#


You could see Duvessa (berserk).

Vanquished Creatures
  Grinder (D:2)
  A phantom (D:4)
  Dowan (D:4)
  A howler monkey (D:4)
  A hound (D:4)
  A sleepcap (D:4)
  An orc wizard (D:3)
  4 gnolls (D:3)
  4 adders
  2 worms
  2 dart slugs
  3 orcs (D:3)
  8 endoplasms
  4 giant cockroaches
  8 hobgoblins
  3 quokkas (D:1)
  8 ball pythons
  A bat (D:1)
  4 frilled lizards
  7 goblins
  7 kobolds
  4 rats
76 creatures vanquished.

Notes
Turn   | Place    | Note
-------+----------+-------------------------------------------
     0 | D:1      | cheesebisquit the Hill Orc Fighter began the quest for the
                  | Orb.
     0 | D:1      | Reached XP level 1. HP: 19/19 MP: 1/1
    56 | D:1      | Reached XP level 2. HP: 25/27 MP: 2/2
   286 | D:1      | Reached XP level 3. HP: 33/33 MP: 3/3
  1408 | D:2      | Reached XP level 4. HP: 30/41 MP: 4/4
  1692 | D:3      | Noticed Grinder
  1900 | D:2      | Killed Grinder
  1901 | D:2      | Reached skill level 5 in Fighting
  1901 | D:2      | Reached skill level 5 in Axes
  1901 | D:2      | Reached skill level 5 in Armour
  1901 | D:2      | Reached XP level 5. HP: 23/48 MP: 5/5
  1901 | D:2      | Reached XP level 6. HP: 27/56 MP: 6/6
  2347 | D:3      | Found a stormy altar of Qazlal.
  2359 | D:3      | Found a hide-covered altar of Uskayaw.
  2573 | D:3      | Found a glowing silver altar of Zin.
  2956 | D:4      | Reached XP level 7. HP: 52/63 MP: 7/7
  3041 | D:4      | Noticed Duvessa
  3047 | D:4      | Noticed Dowan
  3053 | D:4      | Killed Dowan
  3056 | D:4      | Slain by Duvessa

Illustrated notes

Levels and vault maps discovered:
D:1:      lemuel_arrival_lava_pool, layout_basic
D:2:      layout_loops_ring, kennysheep_cluttered_room
D:3:      minmay_evil_eye, layout_basic, grunt_qazlal_clouds, zin_treasury,
          mainiacjoe_overflow_concentric_impassable, uniq_grinder
D:4:      layout_cave_pools, uniq_duvessa

Skill      XL: |  1  2  3  4  5  6 |
---------------+-------------------+-----
Axes           | 3 5 6 |  6.3
Fighting       | 4 5 6 |  6.4
Armour         | 4 5 |  5.8
Shields        | |  3.2

Action                     |  1- 3 |  4- 6 |  7- 9 || total
---------------------------+-------+-------+-------++-------
  Melee: War axe           |   114 |   112 |    34 ||   260
    Use: Potion            |       |       |     1 ||     1
 Armour: Scale mail        |    34 |       |       ||    34
         Chain mail        |    15 |    54 |       ||    69
         Plate armour      |       |    34 |    15 ||    49
  Dodge: Dodged            |    49 |    38 |     9 ||    96
  Block: Buckler           |    28 |    25 |     5 ||    58
